 Dungeon Crawl Stone Soup version 0.22-a0-612-gd2f0174 (webtiles) character file.

49 digijack the Skirmisher (level 3, 27/30 HPs)
             Began as a Barachi Monk on July 11, 2018.
             Got out of the dungeon alive.
             The game lasted 00:08:32 (712 turns).

digijack the Skirmisher (Barachi Monk)               Turns: 712, Time: 00:08:32

Health: 27/30      AC:  2    Str: 12    XL:     3   Next: 77%
Magic:  3/3        EV: 14    Int: 10    God:
Gold:   78         SH:  0    Dex: 15    Spells: 2/2 levels left

rFire    . . .     SeeInvis .     - Unarmed
rCold    . . .     Gourm    .   (no shield)
rNeg     . . .     Faith    .   a - +0 robe
rPois    .         Spirit   .   (no helmet)
rElec    .         Reflect  .   (no cloak)
rCorr    .         Harm     .   (no gloves)
MR       .....                  (no boots)
Stlth    ++........             (no amulet)
HPRegen  0.10/turn              (no ring)
MPRegen  0.08/turn              (no ring)

@: slow
A: +LOS, swims, slowness 1, strong legs 1
a: Hop


You escaped.
You were not hungry.

You visited 1 branch of the dungeon, and saw 2 of its levels.

You collected 78 gold pieces.

Inventory:

Missiles
 d - 113 stones (quivered)
Armour
 a - a +0 robe (worn)
Comestibles
 b - 4 rations
 c - 2 chunks of flesh


   Skills:
 + Level 4.1 Fighting
 + Level 3.7 Dodging
 * Level 2.6 Stealth
 + Level 3.7 Unarmed Combat


You had 2 spell levels left.
You didn't know any spells.
Your spell library was empty.

Dungeon Overview and Level Annotations

Branches:
Dungeon (2/15)

Altars:


Innate Abilities, Weirdness & Mutations

Shadows flee at your approach. (+LOS)
You can swim through water.
You cover ground slowly.
You can hop short distances.


Message History

You barely miss the goblin. The goblin closely misses you.
You closely miss the goblin. The goblin completely misses you.
You hit the goblin.
You kill the goblin!
You hit the goblin.
You kill the goblin!
Things that are here:
a leopard gecko corpse; an adder corpse Butcher a leopard gecko corpse? [(y)es/(n)o/(a)ll/(q)uit/?]
Butcher an adder corpse? [(y)es/(n)o/(a)ll/(q)uit/?]
Okay, then.
You butcher the leopard gecko corpse.
c - 2 chunks of flesh You see here an adder corpse.
There is a stone staircase leading up here.
You climb upwards.
There is a stone staircase leading down here.
There is a staircase leading out of the dungeon here.
Are you sure you want to leave the Dungeon?
This will make you lose the game!
You have escaped!

..........#
#.##.###...#.##......
..........#
#.#..##...##.##......
..........#
#.#......###.##......
########### #.#.....##
#.##...... #.#....##
#.##...... #.#.....##
#.##......
#.#......###......###
#####.#..........##.#.#
#.....#.@....######.#.#
#.....#......# #.#.#
#.....######## #.#.# #
#.....# ##### #.#.# #
#.....# #...# #.#.# #
#.....# #.#.# #.#.# #
#.....######.#.## #.#.###
# ##........(...#..#
#.#.... #
#.....##########.###.#....


There were no monsters in sight!

Vanquished Creatures
  An adder (D:2)
  2 dart slugs (D:1)
  2 leopard geckos
  6 bats
  3 giant cockroaches (D:1)
  7 goblins
  4 hobgoblins (D:1)
  5 kobolds (D:1)
  A rat (D:1)
31 creatures vanquished.

Notes
Turn   | Place    | Note
-------+----------+-------------------------------------------
     0 | D:1      | digijack the Barachi Monk began the quest for the Orb.
     0 | D:1      | Reached XP level 1. HP: 18/18 MP: 1/1
    53 | D:1      | Reached XP level 2. HP: 20/25 MP: 2/2
   188 | D:1      | Reached skill level 4 in Fighting
   217 | D:1      | Reached XP level 3. HP: 22/30 MP: 3/3
   712 | D:$      | Got out of the dungeon alive.

Vault maps used:
D:1:      elethiomel_arrival_shortcut
D:2:      elyvilon_altar_1

Skill      XL: |  1  2 |
---------------+-------+-----
Stealth        | 2 |  2.6
Fighting       | 4 |  4.1
Dodging        | |  3.7
Unarmed Combat | |  3.7

Action                   || total
-------------------------++-------
Melee: Unarmed           ||    99
       Punch             ||     1
Throw: Stone             ||     4
  Use: Scroll            ||     1
       Potion            ||     1
 Stab: Distracted        ||     1
Armor: Robe              ||    21
Dodge: Dodged            ||    78

Table legend:
 A = Spawn XP
 B = Non-spawn XP
 C = Spawn XP percentage of total XP
 D = Spawn monster count
 E = Non-spawn monster count
 F = Spawn count percentage of total count
 G = Total turns spent on level
                    A         B        C        D         E        F      G
               +---------+---------+-------+---------+---------+-------+---------
         Total |       0 |      71 |   0.0 |       0 |      31 |   0.0 |   712
               +---------+---------+-------+---------+---------+-------+---------
           D:1 |       0 |      49 |   0.0 |       0 |      26 |   0.0 |   668
           D:2 |       0 |      22 |   0.0 |       0 |       5 |   0.0 |    44
               +---------+---------+-------+---------+---------+-------+---------
